 Dungeon Crawl Stone Soup version 0.24-a0-235-g3f03afcf10 (webtiles) character file.

Game seed: 6853391639835234568

3316 Hercules1031 the Blocker (level 10, -11/133 HPs)
             Began as a Formicid Fighter on Apr 9, 2019.
             Was an Initiate of Ashenzari.
             Killed from afar by Harold (17 damage)
             ... with a wand of acid (5)
             ... on level 8 of the Dungeon.
             The game lasted 00:19:03 (8287 turns).

Hercules1031 the Blocker (Formicid Fighter)         Turns: 8287, Time: 00:19:04

Health: -11/133    AC: 18    Str: 30    XL:     10   Next: 21%
Magic:  10/10      EV:  2    Int:  7    God:    Ashenzari [......]
Gold:   270        SH: 13    Dex: 10    Spells: 8/9 levels left

rFire    . . .     SeeInvis .   a - +0 war axe
rCold    + . .     Gourm    .   c - +1 shield
rNeg     + + +     Faith    .   (armour currently unavailable)
rPois    +         Spirit   .   (helmet unavailable)
rElec    .         Reflect  .   (cloak currently unavailable)
rCorr    .         Harm     .   (gloves currently unavailable)
MR       +....                  (boots currently unavailable)
Stlth    +.........             (no amulet)
HPRegen  0.32/turn              g - +1 ring of protection
MPRegen  0.12/turn              h - ring of protection from cold

@: mighty, tree-form, marked, corroded
A: permanent stasis, dig shafts and tunnels, four strong arms, rugged brown
scales 1, robust 1
a: Curse Item, Renounce Religion


You were on level 8 of the Dungeon.
You worshipped Ashenzari.
Ashenzari was noncommittal.
You were not hungry.
You were a tree.
You visited 2 branches of the dungeon, and saw 9 of its levels.
You also visited: Ossuary.

You collected 424 gold pieces.
You spent 154 gold pieces at shops.

Inventory:

Hand Weapons
 a - a +0 war axe (weapon)
Armour
 b - a +0 scale mail
 c - a +1 shield (worn)
 e - a cursed +2 pair of gloves (melded)
 n - a cursed +0 cloak (melded)
 q - a +0 chain mail
 u - a +2 chain mail of poison resistance (melded)
 w - the +0 scale mail "Tuukkepp" {rPois rC++ Dex-2 Stlth-}
   (You found it on level 7 of the Dungeon)

   It affects your dexterity (-2).
   It greatly protects you from cold.
   It protects you from poison.
   It makes you less stealthy.
 x - a cursed +0 plate armour
Jewellery
 g - a +1 ring of protection (left branch)
 h - a ring of protection from cold (right branch)
 k - an uncursed ring of flight
 v - an uncursed ring of magical power
Wands
 j - a wand of polymorph (4)
 l - a wand of enslavement (8)
 r - a wand of digging (3)
 s - a wand of scattershot (6)
Scrolls
 i - 3 scrolls of remove curse
 o - 4 scrolls of identify
Potions
 d - a potion of might
 m - 2 potions of curing
 p - 2 potions of lignification
 t - 2 potions of flight
Comestibles
 f - 3 rations


   Skills:
 + Level 7.5 Fighting
 + Level 6.5 Axes
 + Level 7.4 Armour
 + Level 5.5 Dodging
 + Level 8.2 Shields


You had 8 spell levels left.
You knew the following spells:

 Your Spells              Type           Power        Failure   Level  Hunger
a - Pain                  Necr           #...         47%         1    ##.....

Your spell library contained the following spells:

 Spells                   Type           Power        Failure   Level  Hunger


Dungeon Overview and Level Annotations

Branches:
Dungeon (8/15)             Temple (1/1) D:4
   Lair: D:8-11

Altars:
Ashenzari
Cheibriados
Dithmenos
Elyvilon
Fedhas
Gozag
Hepliaklqana
Kikubaaqudgha
Makhleb
Nemelex Xobeh
Okawaru
Qazlal
Ru
Sif Muna
Trog
Uskayaw
Vehumet
Wu Jian
Xom
Yredelemnul
Zin
The Shining One

Shops:
D:4 !

Annotations:
D:8 Harold


Innate Abilities, Weirdness & Mutations

You cannot be hasted, slowed, berserked, paralysed or teleported.
You can dig through walls and to a lower floor.
Your four strong arms can wield two-handed weapons with a shield.
((You have a pair of large antennae on your head. (SInv)))
(You are partially covered in rugged brown scales. (AC +1, +3% HP))
You are robust. (+10% HP)


Message History

You kill the hound!
Harold zaps a wand.
The bolt of acid hits you!
* * * LOW HITPOINT WARNING * * *
The acid corrodes you!
You are splashed with acid!
* * * LOW HITPOINT WARNING * * *
Really quaff the potion of lignification?
Okay, then.
You hit Harold.
Harold is heavily wounded.
Harold hits you with a cursed +0 battleaxe.
* * * LOW HITPOINT WARNING * * *
Unknown command.
Really quaff the potion of lignification?
You turn into a tree.
Your cursed +0 cloak melds into your body.
Your cursed +2 pair of gloves melds into your body.
Your +2 chain mail of poison resistance melds into your body.
You no longer feel resistant to poison.
Your roots penetrate the ground.
Harold zaps a wand.
The bolt of acid hits you!
You die...

#...##..#
##..#.#
#.......#
#.....
###.#####
...... #.#
#.#.. ###.###
#...
#.....########
###
#.#.#.#.[.....
#.#.#.#@......
# #...♣....#
###.#..#....
#.#..# .
..#..).
#####....
#####


You could see Harold.

Vanquished Creatures
  A hungry ghost (D:7)
  Duvessa (D:4)
  An orc warrior (D:8)
  An ice beast (D:8)
  A centaur (D:7)
  3 elf zombies
  3 big kobolds (D:7)
  2 bullfrogs (D:7)
  Dowan (D:4)
  3 elf skeletons (D:4)
  2 scorpions
  5 killer bees (D:7)
  7 wights
  2 howler monkeys
  3 crimson imps
  A jelly (D:5)
  2 hounds
  8 orc priests
  7 orc wizards
  A gnoll shaman (D:4)
  2 human skeletons (D:4)
  3 human zombies
  Jessica (D:3)
  A bullfrog skeleton (D:5)
  2 iguanas
  2 worker ants
  A big kobold zombie (Ossuary)
  2 hound skeletons
  2 mummies (Ossuary)
  Robin (D:3)
  6 gnolls
  8 adders
  A shadow imp (D:3)
  A white imp (D:5)
  An ooze (D:3)
  3 adder zombies (D:3)
  An adder skeleton (D:3)
  2 worms (D:3)
  A dart slug (D:2)
  4 leopard geckos
  21 orcs
  A ball python (D:2)
  5 giant cockroaches
  20 goblins
  15 hobgoblins
  8 jackals
  3 quokkas
  A ball python skeleton (D:3)
  9 bats
  4 frilled lizards
  8 hobgoblin zombies (Ossuary)
  A jackal skeleton (D:6)
  4 jackal zombies (Ossuary)
  15 kobolds
  9 kobold zombies (Ossuary)
  3 orc skeletons (D:4)
  11 orc zombies
  7 rats
245 creatures vanquished.

Notes
Turn   | Place    | Note
-------+----------+-------------------------------------------
     0 | D:1      | Hercules1031 the Formicid Fighter began the quest for the
                  | Orb.
     0 | D:1      | Reached XP level 1. HP: 18/18 MP: 1/1
    97 | D:1      | Reached XP level 2. HP: 24/24 MP: 2/2
   383 | D:1      | Reached skill level 4 in Shields
   383 | D:1      | Reached XP level 3. HP: 29/29 MP: 3/3
   608 | D:1      | Reached skill level 1 in Dodging
   884 | D:2      | Reached XP level 4. HP: 30/37 MP: 4/4
  1513 | D:3      | Reached XP level 5. HP: 41/42 MP: 5/5
  2562 | D:3      | Noticed Jessica
  2573 | D:3      | Killed Jessica
  2869 | D:3      | Reached XP level 6. HP: 28/48 MP: 6/6
  2901 | D:3      | Noticed Robin
  2910 | D:3      | Killed Robin
  3372 | D:3      | Found an ancient bone altar of Kikubaaqudgha.
  3376 | D:3      | Found a deep blue altar of Sif Muna.
  3377 | D:3      | Found a radiant altar of Vehumet.
  3394 | D:3      | Identified Kikubaaqudgha's Compendium of Evil
  3399 | D:3      | Learned a level 1 spell: Pain
  3548 | D:4      | Reached skill level 5 in Shields
  3550 | D:4      | Reached XP level 7. HP: 24/55 MP: 7/7
  3707 | D:4      | Found Doiq's Distillery.
  3716 | D:4      | Bought a potion of curing for 42 gold pieces
  3949 | D:4      | Found a staircase to the Ecumenical Temple.
  4020 | D:4      | Noticed Dowan
  4021 | D:4      | Noticed Duvessa
  4030 | D:4      | Killed Duvessa
  4038 | D:4      | Killed Dowan
  4038 | D:4      | Reached skill level 5 in Fighting
  4038 | D:4      | Reached skill level 5 in Armour
  4130 | D:4      | Found a sand-covered staircase.
  4143 | D:4      | Reached XP level 8. HP: 50/62 MP: 8/8
  4159 | Ossuary  | Entered an ossuary
  4280 | Ossuary  | Reached skill level 6 in Shields
  4871 | D:4      | Gained mutation: Your magical capacity is low. (-10% MP)
                  | [potion of mutation]
  4871 | D:4      | Gained mutation: Your flesh is heat resistant. (rF+)
                  | [potion of mutation]
  4993 | D:4      | Bought a potion of mutation for 112 gold pieces
  4993 | D:4      | Lost mutation: Your magical capacity is low. (-10% MP)
                  | [potion of mutation]
  4993 | D:4      | Lost mutation: Your flesh is heat resistant. (rF+) [potion
                  | of mutation]
  4993 | D:4      | Gained mutation: You are partially covered in rugged brown
                  | scales. (AC +1, +3% HP) [potion of mutation]
  4993 | D:4      | Gained mutation: You are robust. (+10% HP) [potion of
                  | mutation]
  5232 | D:5      | Entered Level 5 of the Dungeon
  5253 | D:5      | Reached skill level 5 in Axes
  5272 | D:5      | Reached XP level 9. HP: 33/77 MP: 9/9
  5923 | Temple   | Entered the Ecumenical Temple
  6038 | Temple   | Became a worshipper of Ashenzari the Shackled
  6293 | D:6      | Found a basalt altar of Yredelemnul.
  6296 | D:6      | Found an iron altar of Okawaru.
  6305 | D:6      | Found a snail-covered altar of Cheibriados.
  6401 | D:6      | Reached skill level 7 in Shields
  6529 | D:6      | Found a blossoming altar of Fedhas.
  6529 | D:6      | Found an opulent altar of Gozag.
  6529 | D:6      | Found a glowing silver altar of Zin.
  7261 | D:7      | Got the uncursed scale mail "Tuukkepp" {rPois rC++ Dex-2
                  | Stlth-}
  7280 | D:7      | Reached skill level 5 in Dodging
  7709 | D:7      | Reached XP level 10. HP: 73/89 MP: 10/10
  7775 | D:7      | Reached skill level 8 in Shields
  8173 | D:8      | Found a glowing golden altar of the Shining One.
  8177 | D:8      | Found a hazy altar of Hepliaklqana.
  8275 | D:8      | Noticed Harold
  8286 | D:8      | HP: 4/89 [Harold/cursed +0 battleaxe (6)]
  8287 | D:8      | Killed from afar by Harold

Levels and vault maps discovered:
D:1:      minmay_arrival_diagonal_passages, layout_basic, bh_walls_and_bars
D:2:      layout_loops_ring, first_ration
D:3:      layout_basic, grunt_temple_overflow_magic_moments, serial_undead,
          serial_undead_a, serial_undead_c, serial_undead_c, serial_undead_f,
          uniq_robin, uniq_jessica
D:4:      layout_loops_corners, minmay_temple_entry_antechambers,
          nicolae_ossuary_entry_catacombs, serial_shops, shop, uniq_duvessa
D:5:      layout_rooms, minmay_fire_ice_demons
D:6:      layout_basic, minitemple, minmay_overflow_temple_star_quad,
          kennysheep_generic_room_13
D:7:      layout_basic
D:8:      layout_loops_cross, chequers_temple_overflow_statue_of_worship,
          hangedman_little_slice_of_home, trog_three_pillars_becter, uniq_harold
Temple:   minmay_temple_curvy_loop
Ossuary:  ossuary_tomb_1

Skill      XL: |  1  2  3  4  5  6  7  8  9 10 |
---------------+-------------------------------+-----
Shields        | 4 5 6 7 8 |  8.2
Dodging        | 1 2 3 4 5 |  5.5
Fighting       | 4 5 6 7 |  7.5
Armour         | 4 5 6 7 |  7.4
Axes           | 3 4 5 6 |  6.5

Action                   |  1- 3 |  4- 6 |  7- 9 | 10-12 || total
-------------------------+-------+-------+-------+-------++-------
Melee: War axe           |   107 |   241 |   525 |    66 ||   939
       Unarmed           |       |    13 |       |       ||    13
Invok: Curse Item        |       |       |     2 |       ||     2
 Abil: Dig               |       |       |     1 |       ||     1
  Use: Scroll            |     3 |     7 |     3 |       ||    13
       Potion            |       |     3 |    10 |     3 ||    16
  Eat: Ration            |       |     4 |     5 |       ||     9
Armor: Scale mail        |    55 |    16 |       |       ||    71
       Chain mail        |       |   119 |   293 |    34 ||   446
Dodge: Dodged            |    46 |    75 |   228 |    27 ||   376
Block: Shield            |    53 |   152 |   389 |    60 ||   654

Table legend:
 A = Non-vault XP
 B = Vault XP
 C = Vault XP percentage of total XP
 D = Non-vault monster count
 E = Vault monster count
 F = Vault count percentage of total count
                 A         B        C        D         E       F
            +---------+---------+-------+---------+---------+-------
      Total |    3465 |    1273 |  26.9 |     171 |      74 |  30.2
            +---------+---------+-------+---------+---------+-------
        D:1 |      54 |       0 |   0.0 |      24 |       0 |   0.0
        D:2 |      71 |       0 |   0.0 |      20 |       0 |   0.0
        D:3 |     225 |      98 |  30.3 |      32 |      19 |  37.3
        D:4 |     285 |     688 |  70.7 |      19 |      13 |  40.6
        D:5 |     300 |      60 |  16.7 |      18 |       2 |  10.0
        D:6 |     371 |      56 |  13.1 |      10 |       2 |  16.7
        D:7 |    1712 |       0 |   0.0 |      38 |       0 |   0.0
        D:8 |     447 |       0 |   0.0 |      10 |       0 |   0.0
    Ossuary |       0 |     371 | 100.0 |       0 |      38 | 100.0
            +---------+---------+-------+---------+---------+-------
